 Dungeon Crawl Stone Soup version 0.29.1-12-g30fa7ad0bf (webtiles) character file.

Game seed: 10898446319182103667

13510 MisterFreud the Spry (level 11, -5/54 HPs)
             Began as a Felid Berserker on Dec 15, 2022.
             Was an Elder of Trog.
             Slain by a vault guard
             ... wielding a +0 war axe
              (15 damage)
             ... on level 13 of the Dungeon.
             The game lasted 00:18:29 (16546 turns).

MisterFreud the Spry (Felid Berserker)             Turns: 16546, Time: 00:18:30

Health: -5/54      AC:  3    Str: 13    XL:     11   Next: 76%
Magic:  0/12       EV: 38    Int:  9    God:    Trog [****..]
Gold:   851        SH:  0    Dex: 20    Spells: 10/10 levels left
                                        Lives:  0   Deaths: 3

rFire   . . .      SeeInvis +     - Unarmed
rCold   + . .      Faith    .   (shield unavailable)
rNeg    . . .      Spirit   +   (body armour unavailable)
rPois   .          Reflect  .   (helmet unavailable)
rElec   .          Harm     .   (cloak unavailable)
rCorr   .          Rampage  .   (gloves unavailable)
Will    +++..                   (boots unavailable)
Stlth   +++++.....              a - amulet of guardian spirit
HPRegen 1.18/turn               o - +4 ring of evasion
MPRegen 0.13/turn               m - +4 ring of evasion

@: strong-willed, on berserk cooldown, regenerating, slowed, slow
A: very small, claws 1, fangs 3, see invisible, speed 1, shaggy fur 3, stealthy
paws, no weapons or thrown items, no armour, multi-lived
a: Renounce Religion, Berserk, Trog's Hand, Brothers in Arms


You were on level 13 of the Dungeon.
You worshipped Trog.
Trog was greatly pleased with you.
You visited 1 branch of the dungeon, and saw 13 of its levels.

You collected 851 gold pieces.

Inventory:

Jewellery
 a - an amulet of guardian spirit (around neck)
 h - a ring of fire
 k - a ring of fire
 m - a +4 ring of evasion (right paw)
 o - a +4 ring of evasion (left paw)
 q - a +6 ring of dexterity
 y - a ring of fire
Wands
 b - a wand of flame (27)
 v - a wand of mindburst (7)
 x - a wand of paralysis (15)
 B - a wand of iceblast (2)
Scrolls
 e - 2 scrolls of silence
 l - 3 scrolls of teleportation
 z - a scroll of amnesia
 A - 4 scrolls of magic mapping
 C - 2 scrolls of fear
 D - 2 scrolls of identify
Potions
 c - 5 potions of mutation
 d - 4 potions of might
 f - 2 potions of lignification {unknown}
 g - 6 potions of resistance
 i - 7 potions of curing
 j - 4 potions of brilliance
 n - a potion of degeneration
 p - 2 potions of flight
 r - 5 potions of haste
 s - 3 potions of heal wounds
 t - 3 potions of attraction
 u - a potion of ambrosia {unknown}
 w - a potion of invisibility {unknown}
Miscellaneous
 E - a box of beasts


   Skills:
 - Level 10.0 Fighting
 - Level 15.0 Dodging
 - Level 10.0 Stealth
 + Level 13.6 Unarmed Combat
 - Level 10.0 Evocations


You had 10 spell levels left.
You didn't know any spells.
Your spell library was empty.

Dungeon Overview and Level Annotations

Branches:
Dungeon (13/15)            Temple (0/1) D:7            Lair (0/5) D:8
    Orc (0/2) D:10
 Vaults: D:13-14

Altars:
Ashenzari
Cheibriados
Dithmenos
Fedhas
Gozag
Kikubaaqudgha
Makhleb
Nemelex Xobeh
Okawaru
Trog
Yredelemnul

Shops:
D:11 [

Portals:
Trove: D:10 (give 7 scrolls of fog)

Annotations:
D:9 2 transporters, Asparus's ghost, novice DsCj
D:13 Snorg


Innate Abilities, Weirdness & Mutations

You have sharp claws.
You have razor-sharp teeth.
You have supernaturally acute eyesight. (SInv)
You cover ground quickly. (Speed+)
Your thick and shaggy fur keeps you warm. (AC +3, rC+)
Your paws help you pounce on unaware monsters.
You are incapable of wielding weapons or throwing items.
You cannot wear armour.
You gain extra lives every three experience levels.


Message History

The vault guard is moderately wounded.
Your two-headed ogre hits the human with a +0 giant spiked club!!
The human dies!
Trog accepts your kill.
A vault guard comes into view. It is wielding a +3 bardiche.
The vault guard completely misses you.
The vault guard barely misses your two-headed ogre.
The human closely misses your two-headed ogre.
The human hits your two-headed ogre.
You scratch the vault guard.
The vault guard is moderately wounded.
Your two-headed ogre hits the human with a +0 giant spiked club!!
Your two-headed ogre misses the human.
The vault guard hits you with a +0 war axe!
* * * LOW HITPOINT WARNING * * *
The vault guard hits your two-headed ogre with a +0 war axe!
The human hits your two-headed ogre.
A wizard comes into view. It is wielding a +0 dagger.
You closely miss the vault guard. You claw the vault guard!
The vault guard is heavily wounded.
Your two-headed ogre misses the human.
Your two-headed ogre hits the human with a +0 giant spiked club!!!
The human dies!
Trog accepts your kill.
Your two-headed ogre hits the human with a +0 giant spiked club!!
Your two-headed ogre barely misses the human.
You hear a shout!
Unknown command.
Unknown command.
Unknown command.
Unknown command.
Unknown command.
Unknown command.
Unknown command.
You closely miss the vault guard.
The vault guard is heavily wounded.
The human barely misses your two-headed ogre.
The vault guard closely misses you.
The vault guard hits you with a +0 war axe!!
You die...

#...# #### #.....#
#...# .. #..# #.....#
##### #.
#..####.....# ##.##
#..##.......# ...#
#..##.......#
##+#'###..##.......#
#.....p...##.†.....#
#...pOpp.gp....)...##
#...@Opc.pg..........
######c########+++##.
#)# .


cc# ...# ....# .....# ......# .......# You could see 3 vault guards, a
two-headed ogre, a yaktaur, a wizard, 3 humans, a gnoll sergeant, a centaur, a
gnoll and a friendly two-headed ogre (summoned, berserk).

Vanquished Creatures
  Josephine (D:10)
  3 hydras
  Erolcha (D:10)
  A boulder beetle (D:13)
  A catoblepas (D:13)
  Erica (D:8)
  5 centaur warriors
  2 two-headed ogres
  Nergalle (D:10)
  2 deep elf pyromancers (D:12)
  Pikel (D:9)
  3 cyclopes
  3 ugly things (D:13)
  2 manticores
  Maurice (D:13)
  An unseen horror (D:11)
  A gargoyle (D:13)
  A kobold demonologist (D:12)
  2 trolls
  5 slime creatures
  A vampire (D:10)
  21 yaks
  A shadow (D:9)
  7 wyverns
  7 wraiths
  2 steam dragons
  A basilisk (D:8)
  Grum (D:11)
  Edmund (D:4)
  2 acid dragons
  7 water moccasins
  4 ice beasts
  A sky beast (D:7)
  4 black bears
  8 orc warriors
  3 ogres
  6 wolves
  12 centaurs
  2 phantoms (D:5)
  3 bullfrogs
  A necrophage (D:5)
  A gnoll sergeant (D:7)
  4 scorpions
  16 wights
  5 killer bees (D:9)
  An electric eel (D:10)
  A crimson imp (D:6)
  2 hounds
  2 jellies
  6 orc priests
  2 gnoll boudas
  4 iguanas
  14 orc wizards
  31 gnolls
  7 adders
  A shadow imp (D:5)
  A white imp (D:6)
  An ufetubus (D:5)
  A dart slug (D:2)
  51 orcs
  2 bats
  5 endoplasms
  A giant cockroach (D:2)
  6 goblins
  3 hobgoblins
  5 jackals
  8 kobolds
  A quokka (D:2)
  3 ball pythons
  A frilled lizard (D:2)
  12 rats
331 creatures vanquished.

Vanquished Creatures (collateral kills)
  2 ice devils (D:13)
  4 humans (D:13)
6 creatures vanquished.

Vanquished Creatures (others)
  A fungus (D:8)
  19 plants (D:8)
20 creatures vanquished.

Grand Total: 357 creatures vanquished

Notes
Turn   | Place    | Note
-------+----------+-------------------------------------------
     0 | D:1      | MisterFreud the Felid Berserker began the quest for the
                  | Orb.
     0 | D:1      | Reached XP level 1. HP: 10/10 MP: 2/2
   164 | D:1      | Reached skill level 1 in Stealth
   465 | D:1      | Reached XP level 2. HP: 14/14 MP: 3/3
  1323 | D:2      | Reached XP level 3. HP: 17/17 MP: 4/4
  1565 | D:2      | Reached ** piety under Trog
  1967 | D:3      | You fall into a shaft and drop 3 floors!
  2138 | D:6      | Noticed an ogre
  2146 | D:5      | Entered Level 5 of the Dungeon
  2150 | D:5      | Killed an ogre
  2151 | D:5      | Reached XP level 4. HP: 12/21 MP: 5/5
  2151 | D:5      | Reached XP level 5. HP: 14/24 MP: 6/6
  2154 | D:5      | Reached skill level 5 in Stealth
  2400 | D:4      | Noticed a black bear
  2409 | D:4      | Killed a black bear
  2410 | D:4      | Reached skill level 5 in Unarmed Combat
  2512 | D:4      | Gained mutation: You are covered in thick fur. (AC +2)
                  | [Felid growth]
  2512 | D:4      | Reached XP level 6. HP: 28/28 MP: 7/7
  2637 | D:4      | Found a blossoming altar of Fedhas.
  2904 | D:4      | Found a broken altar of Ashenzari.
  2972 | D:4      | Noticed Edmund
  2983 | D:4      | Killed Edmund
  2984 | D:4      | Reached skill level 5 in Dodging
  3067 | D:3      | Noticed an orc warrior
  3080 | D:3      | Reached XP level 7. HP: 31/31 MP: 6/8
  3086 | D:3      | Reached skill level 6 in Dodging
  3337 | D:3      | Reached skill level 7 in Dodging
  3477 | D:3      | Found a snail-covered altar of Cheibriados.
  4173 | D:5      | Reached *** piety under Trog
  4276 | D:5      | Reached skill level 8 in Dodging
  4295 | D:5      | Reached skill level 9 in Dodging
  4319 | D:5      | Reached XP level 8. HP: 34/34 MP: 9/9
  4320 | D:5      | Found a bloodstained altar of Trog.
  4326 | D:5      | Found a basalt altar of Yredelemnul.
  4485 | D:5      | Found an opulent altar of Gozag.
  4485 | D:5      | Found an iron altar of Okawaru.
  4486 | D:5      | Found an ancient bone altar of Kikubaaqudgha.
  4552 | D:5      | Reached skill level 10 in Dodging
  5147 | D:6      | Reached skill level 5 in Fighting
  5430 | D:6      | Noticed a troll
  5655 | D:6      | Killed a troll
  5939 | D:6      | Reached XP level 9. HP: 41/41 MP: 10/10
  6287 | D:6      | Reached **** piety under Trog
  6727 | D:6      | Found a burning altar of Makhleb.
  6927 | D:7      | Reached skill level 11 in Dodging
  6946 | D:6      | Slain by a wight
  6947 | D:6      | Reached XP level 8. HP: -5/35 MP: 0/9
  6977 | D:7      | Noticed a slime creature
  6987 | D:7      | HP: 1/36 [wraith (4)]
  7016 | D:7      | HP: 1/35 [wight/+4 long sword (1)]
  7369 | D:7      | Killed a slime creature
  7370 | D:7      | Reached XP level 9. HP: 25/41 MP: 4/10
  7700 | D:8      | Reached skill level 12 in Dodging
  7728 | D:8      | Reached skill level 10 in Stealth
  8021 | D:8      | Found a staircase to the Lair.
  8076 | D:8      | Noticed a manticore
  8080 | D:8      | Found a sparkling altar of Nemelex Xobeh.
  8452 | D:7      | Reached XP level 10. HP: 35/45 MP: 7/11
  8523 | D:7      | Reached skill level 10 in Unarmed Combat
  8615 | D:7      | Reached skill level 1 in Evocations
  8780 | D:7      | Identified the +1 robe "Pileal" {rElec Int+3}
  8801 | D:7      | Found a staircase to the Ecumenical Temple.
  9185 | D:8      | Noticed Erica
  9195 | D:8      | Killed Erica
  9201 | D:8      | Killed a manticore
  9261 | D:8      | Identified the +5 battleaxe of Ezejip {pain, MP+9}
  9436 | D:9      | Found a transporter.
  9441 | D:9      | Found a bloodstained altar of Trog.
  9441 | D:9      | Noticed a two-headed ogre
  9441 | D:9      | Noticed Asparus's ghost (novice DsCj)
  9441 | D:9      | Noticed a moth of wrath
  9547 | D:9      | Found a transporter.
  9548 | D:9      | Noticed a tengu warrior
  9892 | D:9      | Noticed Pikel
  9910 | D:9      | Killed Pikel
  9911 | D:9      | Reached skill level 13 in Dodging
 10165 | D:9      | Reached skill level 5 in Evocations
 10165 | D:9      | Reached XP level 11. HP: 45/51 MP: 12/12
 10229 | D:9      | Found a shadowy altar of Dithmenos.
 10288 | D:9      | Noticed a two-headed ogre
 10307 | D:9      | Killed a two-headed ogre
 10491 | D:9      | Noticed a two-headed ogre
 10549 | D:9      | Noticed a two-headed ogre
 10860 | D:10     | Entered Level 10 of the Dungeon
 10864 | D:10     | Noticed Nergalle
 10873 | D:10     | Killed Nergalle
 10902 | D:10     | Reached skill level 14 in Dodging
 11163 | D:10     | Noticed Erolcha
 11170 | D:10     | Killed Erolcha
 12240 | D:10     | Noticed Josephine
 12266 | D:10     | Killed Josephine
 12535 | D:10     | Found a portal to a secret trove of treasure.
 12718 | D:10     | Found a staircase to the Orcish Mines.
 13255 | D:11     | Reached skill level 15 in Dodging
 13479 | D:11     | Gained mutation: Your thick and shaggy fur keeps you warm.
                  | (AC +3, rC+) [Felid growth]
 13479 | D:11     | Reached XP level 12. HP: 58/58 MP: 13/13
 13535 | D:11     | Noticed a six-headed hydra
 13537 | D:11     | Reached ***** piety under Trog
 13550 | D:11     | Killed a six-headed hydra
 13561 | D:11     | Reached skill level 10 in Fighting
 13578 | D:11     | Noticed Grum
 13613 | D:11     | Noticed a centaur warrior
 13636 | D:11     | Killed a centaur warrior
 13655 | D:11     | Killed Grum
 14328 | D:11     | Found Titym's Armour Shoppe.
 14574 | D:12     | Reached skill level 10 in Evocations
 14787 | D:12     | Noticed a seven-headed hydra
 14799 | D:12     | Slain by a seven-headed hydra
 14800 | D:12     | Reached XP level 11. HP: -1/54 MP: 0/12
 14861 | D:12     | Noticed a deep elf pyromancer
 14864 | D:12     | Killed a deep elf pyromancer
 14933 | D:12     | Killed a seven-headed hydra
 15503 | D:13     | Noticed a centaur warrior
 15507 | D:13     | Killed a centaur warrior
 15508 | D:13     | Noticed a two-headed ogre
 15508 | D:13     | Noticed a purple ugly thing
 15511 | D:13     | Noticed a centaur warrior
 15512 | D:13     | Noticed Snorg
 15517 | D:13     | Killed a purple ugly thing
 15522 | D:13     | Killed a two-headed ogre
 15527 | D:13     | Killed a centaur warrior
 15531 | D:13     | HP: 1/54 [Snorg (2)]
 15536 | D:13     | Slain by Snorg
 15537 | D:13     | Reached XP level 10. HP: -1/51 MP: 0/11
 15574 | D:13     | Noticed a gargoyle
 15580 | D:13     | Killed a gargoyle
 15609 | D:13     | Noticed Maurice
 15622 | D:13     | Noticed a catoblepas
 15622 | D:13     | Noticed a six-headed hydra
 15624 | D:13     | Killed Maurice
 15633 | D:13     | Killed a six-headed hydra
 15634 | D:13     | Reached XP level 11. HP: 54/54 MP: 7/12
 15639 | D:13     | Killed a catoblepas
 15739 | D:13     | Noticed a brown ugly thing
 15743 | D:13     | Killed a brown ugly thing
 15744 | D:13     | Noticed a cyan ugly thing
 15751 | D:13     | Killed a cyan ugly thing
 16086 | D:13     | Noticed a centaur warrior
 16102 | D:13     | Killed a centaur warrior
 16354 | D:13     | Noticed a boulder beetle
 16371 | D:13     | Killed a boulder beetle
 16503 | D:13     | Noticed a centaur warrior
 16513 | D:13     | Noticed a two-headed ogre
 16519 | D:13     | Killed a centaur warrior
 16533 | D:13     | Noticed a vault guard
 16537 | D:13     | Noticed a vault guard
 16543 | D:13     | Noticed a vault guard
 16544 | D:13     | Noticed a wizard
 16546 | D:13     | Slain by a vault guard

Illustrated notes

Levels and vault maps discovered:
D:1:      dpeg_arrival_ratfight, layout_loops_cross,
          ebering_dispersal_statue_hall
D:2:      layout_rooms, kennysheep_generic_room_8
D:3:      layout_basic, overflow_temple_1_default
D:4:      layout_basic, minitemple, uniq_edmund
D:5:      layout_loops_ring, mainiacjoe_overflow_large_starburst,
          gammafunk_temple_overflow_forgotten
D:6:      layout_rooms, makhleb_grotto_becter
D:7:      cheibrodos_fzero, layout_rooms, minmay_temple_entry_trees
D:8:      layout_loops_ring, nemelex_xobeh_ov_fountains_minmay,
          minmay_lair_entry_grove, uniq_erica
D:9:      layout_basic, nicolae_dithmenos_shadow_blocks,
          gammafunk_ghost_wrathful_warriors, uniq_pikel
D:10:     layout_basic, erik_orc_2, nicolae_trove_entry_diagonal,
          hangedman_abyss_or_decor_slice, uniq_josephine, uniq_erolcha,
          uniq_nergalle
D:11:     layout_roguey, serial_shops, kennysheep_little_box, uniq_grum
D:12:     layout_grid_maze
D:13:     layout_basic, grunt_vaults_entry_tiered,
          portal_ice_cave_demonic_guard, uniq_snorg, uniq_maurice

Skill      XL: |  1  2  3  4  5  6  7  8  9 10 11 12 |
---------------+-------------------------------------+-----
Stealth        | 1 2 4 5 6 9 10 | 10.0
Unarmed Combat | 4 5 6 9 12 13 | 13.6
Dodging        | 5 9 10 12 13 15 | 15.0
Fighting       | 6 7 9 10 | 10.0
Evocations     | 5 8 10 | 10.0

Action                   |  1- 3 |  4- 6 |  7- 9 | 10-12 || total
-------------------------+-------+-------+-------+-------++-------
Melee: Unarmed           |    80 |    91 |   519 |   720 ||  1410
       Bite              |     5 |    18 |    54 |   131 ||   208
       Punch             |     2 |     4 |    31 |    63 ||   100
Invok: Berserk           |     2 |     3 |     8 |    14 ||    27
       Trog's Hand       |       |       |     2 |     6 ||     8
       Brothers in Arms  |       |       |       |     1 ||     1
  Use: Scroll            |     6 |       |     8 |     9 ||    23
       Potion            |       |       |     1 |     1 ||     2
 Stab: Sleeping          |    12 |     1 |    15 |    16 ||    44
       Distracted        |       |       |       |     1 ||     1
Armor: Skin              |     4 |       |    12 |    24 ||    40
Dodge: Dodged            |    55 |    84 |   580 |   974 ||  1693
